 Dungeon Crawl Stone Soup version 0.31.0-9-g3a7656b989 (webtiles) character file.

Game seed: 4153431949763173318

93 qw the Shooter (level 4, 0/25 HPs)
             Began as a Deep Elf Hunter on Feb 2, 2024.
             Slain by Natasha (8 damage)
             ... on level 2 of the Dungeon.
             The game lasted 00:00:04 (956 turns).

qw the Shooter (Deep Elf Hunter)                     Turns: 956, Time: 00:00:04

Health: 0/25       AC:  3    Str: 10    XL:     4   Next: 36%
Magic:  6/6        EV: 12    Int: 14    God:
Gold:   121        SH:  0    Dex: 18    Spells: 3/3 levels left

rFire   . . .        a - +0 shortbow
rCold   . . .        (shield currently unavailable)
rNeg    . . .        c - +0 leather armour
rPois   .            (no helmet)
rElec   .            (no cloak)
rCorr   .            (no gloves)
SInv    .            (no boots)
Will    .....        (no amulet)
Stlth   ++           (no ring)
HPRegen 0.24/turn    (no ring)
MPRegen 0.10/turn

%: no passive effects
@: no status effects
A: no striking features
a: no special abilities


You were on level 2 of the Dungeon.
You visited 1 branch of the dungeon, and saw 2 of its levels.

You collected 121 gold pieces.


   Skills:
 - Level 1.5 Fighting
 + Level 7.8 Ranged Weapons
 - Level 2.4 Dodging
 - Level 1.2 Stealth


You had 3 spell levels left.
You didn't know any spells.
Your spell library was empty.

Inventory:

Hand Weapons
 a - a +0 shortbow (weapon)
Armour
 c - a +0 leather armour (worn)
 f - a +0 scale mail
Jewellery
 g - a +4 ring of protection
Scrolls
 d - a scroll of teleportation
Potions
 b - a potion of haste
 e - a potion of might {unknown}

Dungeon Overview and Level Annotations

Branches:
Dungeon (2/15)

Altars:

Annotations:
D:2 Natasha


Message History

The arrow hits the hobgoblin but does no damage.
You shoot an arrow. The arrow hits the hobgoblin.
The hobgoblin is almost dead.
You shoot an arrow. The arrow hits the hobgoblin!
You kill the hobgoblin!
You now have 101 gold pieces (gained 11).
A bat comes into view.
Found 16 gold pieces.
You shoot an arrow. The arrow hits the bat.
You kill the bat!
You now have 117 gold pieces (gained 16).
Found 3 boomerangs.
You now have 121 gold pieces (gained 4).
Natasha, Servant of Life and Death comes into view.
Natasha moves out of view.
An endoplasm comes into view.
You shoot an arrow.
Natasha hisses angrily.
The arrow hits the endoplasm!
You kill the endoplasm!
You shoot an arrow. The arrow closely misses Natasha.
You shoot an arrow. The arrow closely misses Natasha.
You shoot an arrow. The arrow closely misses Natasha.
You shoot an arrow.
The arrow hits Natasha but does no damage.
Natasha claws you!
You shoot an arrow.
The arrow hits Natasha but does no damage.
Natasha completely misses you.
You shoot an arrow. The arrow hits Natasha.
Natasha is lightly wounded.
Natasha claws you!
You shoot an arrow.
The arrow hits Natasha but does no damage.
Natasha is lightly wounded.
Natasha misses you.
You shoot an arrow. The arrow barely misses Natasha.
Natasha claws you!
You die...
Natasha curls up and begins to purr.

#...# #......#
#.........
#...###....#.#
#.........
#...#......#.#
#.........
....#.###.##.#
#......... .......
#....# #........%
....#######..###
#.........
+........#####.........
####.........+.........
#..@#######....[....
#..h# #......... #...#
#.[....... ......
......... .......
#........ #........
#........#


You could see Natasha.

Vanquished Creatures
  Natasha (D:2)
  A gnoll (D:1)
  2 adders (D:2)
  6 endoplasms
  2 giant cockroaches
  A goblin (D:1)
  3 hobgoblins
  3 jackals (D:1)
  3 kobolds
  3 quokkas
  6 bats
  2 frilled lizards (D:1)
  4 rats (D:1)
37 creatures vanquished.

Vanquished Creatures (collateral kills)
  A ball python (D:1)
1 creature vanquished.

Grand Total: 38 creatures vanquished

Notes
Turn   | Place    | Note
-------+----------+-------------------------------------------
     0 | D:1      | qw the Deep Elf Hunter began the quest for the Orb.
     0 | D:1      | Reached XP level 1. HP: 12/12 MP: 3/3
     0 | D:1      | 0 ||| qw: Version: 0.3-a-155-g5e7d8dd
     0 | D:1      | 0 ||| qw: Game counter: 2541
     0 | D:1      | 0 ||| qw: Melee chars always use a shield: true
     0 | D:1      | 0 ||| qw: God list: Okawaru
     0 | D:1      | 0 ||| qw: Allow faded altars: false
     0 | D:1      | 0 ||| qw: Do Orc after clearing Dungeon:15 true
     0 | D:1      | 0 ||| qw: Do second Lair branch before Depths: true
     0 | D:1      | 0 ||| qw: Lair rune preference: random
     0 | D:1      | 0 ||| qw: Goals: Normal
     0 | D:1      | 0 ||| PLANNING D:1-11
    88 | D:1      | Found a faded altar of an unknown god.
    95 | D:1      | Reached skill level 6 in Ranged Weapons
    95 | D:1      | Reached XP level 2. HP: 16/16 MP: 4/4
    95 | D:1      | 95 ||| READING scroll labelled ROIXZAA TAKKICS.
    96 | D:1      | 96 ||| READING scroll labelled PEMATTU XEGUCI.
   135 | D:1      | 135 ||| READING scroll labelled UTIUBU TIULL.
   135 | D:1      | 135 ||| ENCHANTING +0 shortbow.
   136 | D:1      | 136 ||| DROPPING scroll of butterflies.
   315 | D:1      | Reached XP level 3. HP: 19/20 MP: 5/5
   736 | D:1      | 736 ||| READING 2 scrolls labelled JEUTAEM ENNU.
   741 | D:1      | 741 ||| DRINKING 2 brown potions.
   786 | D:2      | Noticed Natasha
   791 | D:2      | Killed Natasha
   792 | D:2      | Reached skill level 7 in Ranged Weapons
   821 | D:2      | Reached XP level 4. HP: 25/25 MP: 6/6
   946 | D:2      | Noticed Natasha
   956 | D:2      | Slain by Natasha

Levels and vault maps discovered:
D:1:      eino_arrival_water_cross, layout_loops_ring,
          hellmonk_ecumenical_altar_lost_god, chequers_big_river
D:2:      layout_basic, uniq_natasha

Skill      XL: |  1  2  3 |
---------------+----------+-----
Ranged Weapons | 6 7 |  7.8
Fighting       | |  1.5
Dodging        | |  2.4
Stealth        | |  1.2

Action                     |  1- 3 |  4- 6 || total
---------------------------+-------+-------++-------
   Fire: Shortbow          |    65 |    30 ||    95
    Use: Scroll            |     4 |       ||     4
         Potion            |     1 |       ||     1
 Armour: Leather armour    |     7 |     7 ||    14
  Dodge: Dodged            |     8 |     5 ||    13

Table legend:
 A = Non-vault XP
 B = Vault XP
 C = Vault XP percentage of total XP
 D = Non-vault monster count
 E = Vault monster count
 F = Vault count percentage of total count
                 A         B        C        D         E       F
            +---------+---------+-------+---------+---------+-------
      Total |      98 |      35 |  26.3 |      37 |       1 |   2.6
            +---------+---------+-------+---------+---------+-------
        D:1 |      57 |       0 |   0.0 |      27 |       0 |   0.0
        D:2 |      41 |      35 |  46.1 |      10 |       1 |   9.1
            +---------+---------+-------+---------+---------+-------
